 Dungeon Crawl Stone Soup version 0.20.0-15-g7f486f2 (webtiles) character file.

123 sscrono2 the Sneak (level 5, 0/34 HPs)
             Began as an Octopode Assassin on June 25, 2017.
             Was an Initiate of Ru.
             Slain by an orc
             ... wielding a +0 dagger
              (6 damage)
             ... on level 3 of the Dungeon.
             The game lasted 00:02:43 (1831 turns).

sscrono2 the Sneak (Octopode Assassin)              Turns: 1831, Time: 00:02:43

Health: 0/34       AC:  1    Str: 14    XL:     5   Next: 7%
Magic:  5/5        EV: 10    Int: 13    God:    Ru [......]
Gold:   22         SH:  8    Dex: 15    Spells: 4/4 levels left

rFire    . . .     SeeInvis .   a - +2 dagger
rCold    . . .     Gourm    .   j - +0 shield
rNeg     . . .     Faith    .   (helmet restricted)
rPois    .         Spirit   .   (no amulet)
rElec    .         Reflect  .   p - +4 ring of strength
rCorr    .         Harm     .   (no ring)
MR       .....                  (no ring)
Stlth    ++++......             (no ring)
Regen    0.2/turn               (no ring)
MPRegen  0.1/turn               (no ring)
                                (no ring)
                                (no ring)

@: no status effects
A: almost no armour, stealthy swim, amphibious, 8 rings, constrict 8, camouflage
1, gelatinous body 1
a: Renounce Religion


You were on level 3 of the Dungeon.
You worshipped Ru.
Ru was noncommittal.
You were hungry.

You visited 1 branch of the dungeon, and saw 3 of its levels.

You collected 22 gold pieces.

Inventory:

Hand Weapons
 a - a +2 dagger (weapon)
 b - a +0 blowgun
Missiles
 c - 8 poisoned needles
 d - 2 curare-tipped needles
 i - 3 needles of sleeping
Armour
 j - a +0 shield (worn)
Jewellery
 p - a +4 ring of strength (left tentacle)
Scrolls
 g - a scroll of identify {unknown}
 h - a scroll of recharging {unknown}
 l - 2 scrolls of fear {unknown}
 m - a scroll of fog {unknown}
 n - a scroll of immolation {unknown}
 q - a scroll of noise {unknown}
Potions
 e - a potion of resistance {unknown}
 o - 2 potions of might {unknown}
Comestibles
 f - 3 bread rations
 k - 2 fruits


   Skills:
 - Level 2.2 Fighting
 * Level 3.6 Short Blades
 - Level 2.0 Throwing
 - Level 1.5 Dodging
 - Level 5.8 Stealth
 * Level 2.2 Shields


You had 4 spell levels left.
You didn't know any spells.

Dungeon Overview and Level Annotations

Branches:
Dungeon (3/15)

Altars:
Hepliaklqana
Ru


Innate Abilities, Weirdness & Mutations

You cannot wear most types of armour.
You are very stealthy in the water. (Stealth+)
You are amphibious.
You can wear up to eight rings at the same time.
You can use your tentacles to constrict eight enemies at once.
Your skin changes colour to match your surroundings (Stealth+).
Your rubbery body absorbs attacks. (AC +1, EV +1)


Message History

You hit the orc wizard but do no damage.
Your grab misses the orc wizard. You squeeze the orc wizard.
The orc wizard is heavily wounded.
You block the orc's attack. x2
You closely miss the orc wizard. You grab the orc wizard.
You squeeze the orc wizard.
The orc wizard is severely wounded.
You constrict the orc wizard. The orc wizard casts a spell at you.
The magic dart hits you! The orc hits you.
* * * LOW HITPOINT WARNING * * *
The orc closely misses you.
You hit the orc wizard but do no damage.
You squeeze the orc wizard.
You kill the orc wizard!
Your Shields skill increases to level 2!
You have reached level 5!
You feel agile. The orc barely misses you. The orc hits you with a dagger.
You die...

#.##...#...########
#. #...#.#.........
#. #..##.#.########
#. #..##.#.# #.
#..##.#.# # #.
#..##.#.#
###.##g##..##.#.#
......o.)..##...#
#o@)..####.#
#)###......# #.#
##.###.# ## #.# #.#
#.. ..# .###### #


You could see 2 orcs and a goblin.

Vanquished Creatures
  An orc wizard (D:3)
  3 adders
  A worm (D:2)
  2 dart slugs
  2 orcs (D:3)
  A giant cockroach (D:2)
  7 goblins
  8 hobgoblins
  8 jackals
  A quokka (D:2)
  7 bats
  5 frilled lizards
  5 kobolds
  6 rats
57 creatures vanquished.

Notes
Turn   | Place    | Note
-------+----------+-------------------------------------------
     0 | D:1      | sscrono2 the Octopode Assassin began the quest for the Orb.
     0 | D:1      | Reached XP level 1. HP: 14/14 MP: 1/1
   107 | D:1      | You fall through a shaft!
   178 | D:1      | You fall through a shaft!
   312 | D:1      | Reached XP level 2. HP: 10/19 MP: 2/2
   637 | D:1      | Reached XP level 3. HP: 22/24 MP: 3/3
  1088 | D:2      | Found a hazy altar of Hepliaklqana.
  1103 | D:2      | Reached skill level 1 in Shields
  1256 | D:2      | Found a sacrificial altar of Ru.
  1278 | D:2      | Became a worshipper of Ru the Awakened
  1403 | D:2      | Reached XP level 4. HP: 19/29 MP: 4/4
  1831 | D:3      | Reached XP level 5. HP: 6/34 MP: 5/5
  1831 | D:3      | Slain by an orc

Skill      XL: |  1  2  3  4 |
---------------+-------------+-----
Shields        | 1 2 |  2.2
Short Blades   | 3 |  3.6
Fighting       | |  2.2
Throwing       | |  2.0
Dodging        | |  1.5
Stealth        | |  5.8

Action                   |  1- 3 |  4- 6 || total
-------------------------+-------+-------++-------
Melee: Dagger            |    70 |    33 ||   103
       Constrict         |    14 |     9 ||    23
       Tentacles         |     5 |     7 ||    12
 Stab: Sleeping          |    16 |     4 ||    20
       Paralysed         |     1 |       ||     1
  Eat: Chunk             |     1 |     1 ||     2
Armor: Skin              |     9 |       ||     9
Dodge: Dodged            |    31 |    12 ||    43
Block: Shield            |     6 |    13 ||    19
